 Dungeon Sprint DCSS version 0.28-a0-475-g7dc2aef8ca (webtiles) character file.

Game seed: 13505979482364716485

112 Akmetra the Cudgeller (level 4, -15/41 HPs)
             Began as a Minotaur Gladiator on Sept 16, 2021.
             Demolished by Sigmund (19 damage)
             ... in the Dungeon (Sprint I: "Red Sonja").
             The game lasted 00:02:18 (456 turns).

Akmetra the Cudgeller (Minotaur Gladiator)           Turns: 456, Time: 00:02:19

Health: -15/41     AC:  5    Str: 20    XL:     4   Next: 64%
Magic:  3/3        EV: 13    Int:  5    God:
Gold:   0          SH:  0    Dex: 11    Spells: 3/3 levels left

rFire   . . .      SeeInvis .   a - +0 flail
rCold   . . .      Faith    .   (no shield)
rNeg    . . .      Spirit   .   k - +0 ring mail
rPois   .          Reflect  .   c - +0 hat
rElec   .          Harm     .   (no cloak)
rCorr   .          Rampage  .   (no gloves)
Will    .....      NoTele   +   (no boots)
Stlth   +.........              (no amulet)
HPRegen 0.13/turn               (no ring)
MPRegen 0.08/turn               (no ring)

@: no status effects
A: horns 2, retaliatory headbutt
a: no special abilities


You were in the Dungeon.
You visited 1 branch

Inventory:

Hand Weapons
 a - a +0 flail (weapon)
Missiles
 d - 3 throwing nets (quivered)
Armour
 b - a +0 leather armour
 c - a +0 hat (worn)
 k - a +0 ring mail (worn)
Scrolls
 j - a scroll of blinking
Potions
 e - a potion of curing
 f - a potion of heal wounds
 g - a potion of haste
 h - 2 potions of magic
 i - a potion of berserk rage


   Skills:
 + Level 4.6 Fighting
 + Level 7.8 Maces & Flails
 + Level 3.2 Throwing
 + Level 2.1 Armour
 + Level 6.8 Dodging


You had 3 spell levels left.
You didn't know any spells.
Your spell library was empty.

Dungeon Overview and Level Annotations

Branches:
Dungeon (1/1)

Altars:

Annotations:
D Sigmund


Innate Abilities, Weirdness & Mutations

You have a pair of horns on your head.
You reflexively headbutt those who attack you in melee.


Message History

You continue putting on your +0 ring mail. x5
You finish putting on your +0 ring mail.
Unknown command.
Things that are here:
a +0 giant club; an ogre corpse
l - a +0 giant club You drop a +0 giant club.
There is an open door, spattered with blood here.
Unknown command.
Your library has no spells.
Things that are here:
a +0 giant club; an ogre corpse You open the door.
Sigmund the Dreaded comes into view.
He is wielding a +0 scythe.
Sigmund shouts!
Sigmund drinks a potion.
Sigmund seems to grow stronger.
There is an open door here.
You closely miss Sigmund.
Sigmund points at you and mumbles some strange words.
The magic dart hits you.
You barely miss Sigmund. Sigmund hits you with a +0 scythe!
You barely miss Sigmund. You headbutt Sigmund.
Sigmund is moderately wounded.
Sigmund hits you with a +0 scythe!
You barely miss Sigmund.
Sigmund is moderately wounded.
You barely miss Sigmund. You headbutt Sigmund.
Sigmund is moderately wounded.
Sigmund casts a spell.
Sigmund flickers and vanishes!
Deactivating autopickup; reactivate with Ctrl-A.
You hit something.
You hear some strange, mumbled words.
A puff of flame appears from out of thin air!
The puff of flame hits you!
* * * LOW HITPOINT WARNING * * *
Unknown command.
You closely miss something. Something barely misses you.
You miss something. Something hits you!!
You die...

#############
#<.#..').#..+
#..').#..@{.#
#..#####+####
#..# #..#
#..# #⌠⌠#
####


There were no monsters in sight!

Vanquished Creatures
  An ogre (D)
  Ijyb (D)
2 creatures vanquished.

Vanquished Creatures (others)
  A gargoyle (D)
1 creature vanquished.

Grand Total: 3 creatures vanquished

Notes
Turn   | Place    | Note
-------+----------+-------------------------------------------
     0 | D        | Akmetra the Minotaur Gladiator began the quest for the Orb.
     0 | D        | Reached XP level 1. HP: 18/18 MP: 0/0
     1 | D        | Noticed Ijyb
    16 | D        | Killed Ijyb
    17 | D        | Reached skill level 5 in Maces & Flails
    17 | D        | Reached skill level 1 in Armour
    17 | D        | Reached skill level 5 in Dodging
    17 | D        | Reached XP level 2. HP: 8/26 MP: 1/1
   232 | D        | Noticed an ogre
   239 | D        | Killed an ogre
   240 | D        | Reached skill level 7 in Maces & Flails
   240 | D        | Reached XP level 3. HP: 11/34 MP: 2/2
   240 | D        | Reached XP level 4. HP: 13/41 MP: 3/3
   403 | D        | Killed a gargoyle
   447 | D        | Noticed Sigmund
   456 | D        | Demolished by Sigmund

Illustrated notes

Levels and vault maps discovered:
D:        dungeon_sprint_1 [red_sonja_temple_1, red_sonja_temple_small_1]

Skill      XL: |  1  2 |
---------------+-------+-----
Fighting       | 3 4 |  4.6
Maces & Flails | 5 7 |  7.8
Armour         | 1 2 |  2.1
Dodging        | 5 6 |  6.8
Throwing       | 3 |  3.2

Action                   |  1- 3 |  4- 6 || total
-------------------------+-------+-------++-------
Melee: Flail             |    18 |     8 ||    26
       Headbutt          |     1 |     2 ||     3
Armor: Leather armour    |     4 |       ||     4
Dodge: Dodged            |     9 |     1 ||    10

Table legend: (Time is in decaauts)
 A = Elapsed time spent in this place.
 B = Non-inter-level travel time spent in this place.
 C = Inter-level travel time spent in this place.
 D = Time resting spent in this place.
 E = Time spent auto-exploring this place.
 F = Levels seen in this place.
 G = Mean time per level.
                   A        B        C        D        E       F      G
               +--------+--------+--------+--------+--------+-----+--------+
         Total |    459 |    459 |      0 |      0 |    214 |   1 |  459.0 |
       Dungeon |    459 |    459 |      0 |      0 |    214 |   1 |  459.0 |
               +--------+--------+--------+--------+--------+-----+--------+

Top non-repeatable levels by time:
       D: 459 daAuts
